 Seeded DCSS version 0.29.1-2-gbd0b4ee654 (webtiles) character file.

Game seed: 19941 (custom seed)

941 Ashen the Purveyor of Pain (level 7, -3/52 HPs)
             Began as a Demonspawn Necromancer on Oct 29, 2022.
             Was an Initiate of Kikubaaqudgha.
             Slain by Menkaure (17 damage)
             ... on level 6 of the Dungeon.
             The game lasted 00:14:26 (6801 turns).

Ashen the Purveyor of Pain (Demonspawn Necromancer) Turns: 6801, Time: 00:14:27

Health: -3/52      AC: 12    Str:  8    XL:     7   Next: 88%
Magic:  11/13      EV: 13    Int: 18    God:    Kikubaaqudgha [......]
Gold:   274        SH:  0    Dex: 14    Spells: 3/14 levels left

rFire   . . .      SeeInvis .   q - +0 rapier (venom)
rCold   . . .      Faith    .   (no shield)
rNeg    . . .      Spirit   .   f - +3 leather armour
rPois   .          Reflect  .   (no helmet)
rElec   .          Harm     .   v - +0 cloak
rCorr   .          Rampage  .   n - +0 pair of gloves
Will    .....                   (no boots)
Stlth   ++........              (no amulet)
HPRegen 0.17/turn               j - +4 ring of protection
MPRegen 0.13/turn               (no ring)

@: animating dead
A: powered by death 2, sturdy frame 1, weakness stinger 1
a: Renounce Religion


You were on level 6 of the Dungeon.
You worshipped Kikubaaqudgha.
Kikubaaqudgha was noncommittal.
You visited 2 branches of the dungeon, and saw 7 of its levels.

You collected 274 gold pieces.

Inventory:

Hand Weapons
 g - a +1 dagger of flaming
 h - a +0 whip of pain
 q - a +0 rapier of venom (weapon)
Armour
 f - a +3 leather armour (worn)
 n - a +0 pair of gloves (worn)
 v - a +0 cloak (worn)
Jewellery
 j - a +4 ring of protection (left hand)
Wands
 u - a wand of digging (7)
Scrolls
 c - a scroll of magic mapping {unknown}
 d - 7 scrolls of identify {unknown}
 e - 4 scrolls of amnesia {unknown}
 i - 2 scrolls of noise {unknown}
 k - a scroll of enchant armour {unknown}
 p - a scroll of torment {unknown}
 x - a scroll of enchant weapon {unknown}
Potions
 a - 5 potions of curing {unknown}
 l - a potion of degeneration {unknown}
 m - a potion of ambrosia {unknown}
 o - a potion of mutation {unknown}
 r - a potion of invisibility {unknown}
 s - a potion of lignification {unknown}
 t - a potion of haste {unknown}
 w - a potion of flight {unknown}
 z - a potion of heal wounds {unknown}


   Skills:
 + Level 3.4 Fighting
 + Level 4.2 Dodging
 - Level 3.0 Stealth
 + Level 4.2 Spellcasting
 + Level 1.6 Summonings
 + Level 6.3 Necromancy
 + Level 1.6 Evocations


You had 3 spell levels left.
You knew the following spells:

 Your Spells              Type           Power      Damage    Failure   Level
a - Necrotise             Necr           100%       1d9       1%          1
b - Vampiric Draining     Necr           26%        2d7       3%          3
c - Animate Dead          Necr           26%        N/A       12%         4
d - Call Canine Familiar  Summ           9%         N/A       24%         3

Your spell library contained the following spells:

 Spells                   Type           Power      Damage    Failure   Level
 Summon Small Mammal      Summ           36%        N/A       8%          1
 Summon Guardian Golem    Hex/Summ       6%         N/A       32%         3
 Portal Projectile        Hex/Tloc       6%         N/A       43%         3
 Tukima's Dance           Hex            3%         N/A       43%         3
 Agony                    Necr           26%        N/A       32%         5
 Blade Hands              Tmut           1%         N/A       99%         5


Dungeon Overview and Level Annotations

Branches:
Dungeon (6/15)             Temple (1/1) D:5

Altars:
Ashenzari
Cheibriados
Dithmenos
Fedhas
Hepliaklqana
Kikubaaqudgha
Nemelex Xobeh
Okawaru
Qazlal
Sif Muna
Trog
Uskayaw
Vehumet
Yredelemnul

Shops:
D:1 ([*   D:3 *   D:5 :   D:6 *

Annotations:
D:6 Menkaure


Innate Abilities, Weirdness & Mutations

You regenerate health from kills.
Your movements are slightly less encumbered by armour. (ER -2)
You have a small tail.


Message History

Confirm with . or Enter, or press ? or * to list all spells.
Menkaure hits your hound!!
Your hound dies!
Your hound's corpse disappears in a puff of smoke!
Casting: Call Canine Familiar (dangerous; 24% risk of failure)
Confirm with . or Enter, or press ? or * to list all spells.
You don't have enough magic to cast this spell.
Okay, then.
Magic courses through your body.
Menkaure mumbles some strange words.
Menkaure seems to speed up.
Casting: Call Canine Familiar (dangerous; 24% risk of failure)
Confirm with . or Enter, or press ? or * to list all spells.
Menkaure gestures at you while chanting.
You struggle to resist.
Casting: Call Canine Familiar (dangerous; 24% risk of failure)
Confirm with . or Enter, or press ? or * to list all spells.
Okay, then.
You hit Menkaure. You tail-slap Menkaure.
Menkaure is lightly damaged.
Your hound closely misses Menkaure.
Menkaure gestures at you while chanting.
Pain shoots through your body!
Your hound bites Menkaure.
Menkaure hits you!
* * * LOW HITPOINT WARNING * * *
Unknown command.
You puncture Menkaure!
Menkaure is heavily damaged.
Your hound closely misses Menkaure.
Menkaure closely misses you.
Your hound closely misses Menkaure.
You hit Menkaure but do no damage.
Menkaure is heavily damaged.
Menkaure closely misses you.
Your hound completely misses Menkaure.
Menkaure draws the symbol "Udjat" in the dust.
Menkaure closely misses you.
You barely miss Menkaure.
Your tail-slap misses Menkaure.
Menkaure is heavily damaged.
Your hound barely misses Menkaure.
Your hound closely misses Menkaure.
Menkaure hits you!
You die...
Kikubaaqudgha rasps: "You have failed me!
Welcome... death!"

##..# ##.... ##..... # ########
##...... . #......# #....... #.
#......## #....... #. #.......#
###..### 8.##.###..$..†h##
#♣.....♣♣ . .............@M.#
♣§§.....♣
.....##...............#♣§§⌠..⌠.∩
.....###..##..........#§§§.....♣
......)...###....#######§♣....♣♣
##########..##....# #####..### #
######..###...# #.........
#####.......# ##..# ###.<#####
#...........## #### #..#
#####........# ##.# ##


You could see Menkaure (fast, ally target) and a friendly hound (summoned).

Vanquished Creatures
  Duvessa (D:4)
  A scorpion (D:5)
  2 necrophages (D:4)
  Dowan (D:4)
  2 jellies
  3 hounds
  2 iguanas (D:6)
  5 orc wizards
  3 gnolls
  9 adders
  An ufetubus (D:5)
  2 worms (D:3)
  4 dart slugs
  15 orcs
  7 endoplasms
  4 giant cockroaches
  5 goblins
  7 hobgoblins
  6 kobolds
  2 quokkas (D:1)
  4 ball pythons
  7 bats
  5 frilled lizards
  14 rats
112 creatures vanquished.

Vanquished Creatures (collateral kills)
  A jelly (D:6)
  A dart slug (D:4)
  7 orcs
  A goblin (D:4)
  A hobgoblin (D:4)
  A frilled lizard (D:1)
12 creatures vanquished.

Vanquished Creatures (others)
  An adder zombie (D:5)
1 creature vanquished.

Grand Total: 125 creatures vanquished

Notes
Turn   | Place    | Note
-------+----------+-------------------------------------------
     0 | D:1      | Ashen the Demonspawn Necromancer began the quest for the
                  | Orb.
     0 | D:1      | Reached XP level 1. HP: 13/13 MP: 3/3
   352 | D:1      | Found Riotof's Antique Weapon Shop.
   416 | D:1      | Gained mutation: Your movements are slightly less
                  | encumbered by armour. (ER -2) [demonic ancestry]
   416 | D:1      | Reached XP level 2. HP: 9/19 MP: 0/5
  1138 | D:1      | Found Vypiut's Assorted Antiques.
  1146 | D:1      | Gained mutation: You have a small tail. [demonic ancestry]
  1146 | D:1      | Reached XP level 3. HP: 24/24 MP: 4/6
  1167 | D:1      | Found Marruhor's Antique Armour Shoppe.
  1331 | D:1      | Found a faded altar of an unknown god.
  1681 | D:2      | Learned a level 3 spell: Vampiric Draining
  1900 | D:2      | Reached XP level 4. HP: 31/31 MP: 0/7
  2563 | D:2      | Learned a level 4 spell: Animate Dead
  2570 | D:3      | Reached skill level 5 in Necromancy
  2703 | D:3      | Found a blossoming altar of Fedhas.
  2791 | D:3      | Found Deropsou's Assorted Antiques.
  2800 | D:3      | Reached skill level 1 in Fighting
  2875 | D:3      | Found a hazy altar of Hepliaklqana.
  3027 | D:3      | Gained mutation: You regenerate a little health from kills.
                  | [demonic ancestry]
  3027 | D:3      | Reached XP level 5. HP: 17/37 MP: 1/9
  3804 | D:4      | Noticed Duvessa
  3804 | D:4      | Noticed Dowan
  3838 | D:4      | Killed Duvessa
  3839 | D:4      | Gained mutation: You regenerate health from kills. [demonic
                  | ancestry]
  3839 | D:4      | Reached XP level 6. HP: 19/44 MP: 3/11
  3844 | D:4      | Killed Dowan
  4909 | D:5      | Entered Level 5 of the Dungeon
  5055 | D:4      | Reached XP level 7. HP: 19/51 MP: 12/12
  5283 | D:5      | Learned a level 3 spell: Call Canine Familiar
  5330 | D:5      | Reached skill level 6 in Necromancy
  5629 | D:5      | Found Neanacku's Book Shoppe.
  5797 | D:5      | Found a staircase to the Ecumenical Temple.
  5802 | Temple   | Entered the Ecumenical Temple
  5925 | Temple   | Became a worshipper of Kikubaaqudgha
  6091 | D:5      | Found a large runed translucent door.
  6092 | D:5      | Found a large runed translucent door.
  6104 | D:5      | Reached skill level 1 in Summonings
  6104 | D:5      | Reached skill level 1 in Evocations
  6234 | D:5      | Found a radiant altar of Vehumet.
  6237 | D:5      | Found a bloodstained altar of Trog.
  6397 | D:6      | Found Imosk's Fire Supplies.
  6739 | D:6      | Found a sparkling altar of Nemelex Xobeh.
  6789 | D:6      | Noticed Menkaure
  6801 | D:6      | Slain by Menkaure

Illustrated notes

Levels and vault maps discovered:
D:1:      lightli_arrival_lavapool, layout_basic, serial_shops, shop_fountains,
          shop, nicolae_shop_trees,
          hellmonk_ecumenical_altar_pennies_from_heaven
D:2:      layout_loops_ring, minmay_hexomino_c4
D:3:      layout_basic, mainiacjoe_overflow_surrounded_room,
          mainiacjoe_overflow_big_doors, serial_shops, shop,
          kennysheep_generic_room_6
D:4:      layout_layer_cave, uniq_duvessa
D:5:      layout_loops_ring, jmf_multi_god_temple2, temple_statues,
          serial_shops, shop
D:6:      layout_cave_pods, nemelex_spade_bored_becter, chequers_jeans,
          nicolae_shop_fire_sale [nicolae_sub_dead_trees],
          hellmonk_bongcloud_opening, item_on_display_a, uniq_menkaure
Temple:   hellmonk_temple_forest_ring

Skill      XL: |  1  2  3  4  5  6  7 |
---------------+----------------------+-----
Stealth        | 2 3 |  3.0
Dodging        | 2 3 4 |  4.2
Necromancy     | 5 6 |  6.3
Fighting       | 1 2 3 |  3.4
Spellcasting   | 3 4 |  4.2
Summonings     | 1 |  1.6
Evocations     | 1 |  1.6

Action                   |  1- 3 |  4- 6 |  7- 9 || total
-------------------------+-------+-------+-------++-------
Melee: Unarmed           |    17 |       |       ||    17
       Dagger            |    10 |    62 |       ||    72
       Tailslap          |     1 |    17 |    17 ||    35
       Rapier            |       |    55 |    92 ||   147
       Punch             |       |       |     1 ||     1
 Cast: Necrotise         |    60 |    45 |     4 ||   109
       Animate Dead      |       |     2 |     4 ||     6
       Vampiric Draining |       |     7 |    11 ||    18
       Call Canine Famil |       |       |     4 ||     4
  Use: Potion            |       |       |     1 ||     1
 Stab: Sleeping          |       |     5 |     1 ||     6
       Distracted        |       |       |     1 ||     1
Armor: Robe              |     2 |       |       ||     2
       Leather armour    |    11 |    70 |    50 ||   131
Dodge: Dodged            |    27 |    98 |    82 ||   207
